Map: Lerilak Crest

Players

LiquidMaNa (MaNa)

  • Race: Protoss Protoss
  • League: Grandmaster

Elazer - Winner!

  • Race: Zerg Zerg
  • League: Grandmaster

Event: 2016 WCS Winter Challenger Europe

VOD

https://www.youtube.com/watch?v=Hj2IaUlHXis

Description

Time

  • Played on: Feb. 13, 2016, 12:43 p.m.
  • Length: 13:27

All games in this series

Show
View Real Time Build Order
Export as new Build Order

LiquidMaNa Protoss 

Build Orders: Oracle Opening 

Get SALT Encoding   

  12  0:00  Probe (Chrono Boost)  
  13  0:11  Probe (Chrono Boost)  
  14  0:20  Pylon  
  14  0:22  Probe (Chrono Boost)  
  15  0:38  Probe (Chrono Boost)  
  15  0:40  Gateway  
  16  0:44  Assimilator  
  16  0:49  Probe (Chrono Boost)  
  17  0:59  Probe (Chrono Boost)  
  18  1:10  Probe (Chrono Boost)  
  19  1:17  Gateway  
  19  1:20  Probe (Chrono Boost)  
  20  1:27  Cybernetics Core  
  20  1:31  Probe (Chrono Boost)  
  21  1:36  Pylon  
  21  1:38  Assimilator  
  21  1:41  Probe (Chrono Boost)  
  22  1:52  Probe (Chrono Boost)  
  23  2:02  Probe (Chrono Boost)  
  23  2:04  Adept  
  23  2:05  Adept, Warp Gate (Chrono Boost)  
  28  2:14  Probe  
  29  2:21  Stargate  
  29  2:26  Probe (Chrono Boost)  
  29  2:28  Pylon  
  30  2:42  Probe (Chrono Boost)  
  31  2:58  Nexus  
  31  3:03  Probe (Chrono Boost)  
  32  3:15  Mothership Core (Chrono Boost)  
  32  3:19  Pylon  
  34  3:21  Oracle (Chrono Boost)  
  37  3:35  Probe  
  38  3:47  Probe (Chrono Boost)  
  39  3:51  Pylon  
  39  3:58  Probe (Chrono Boost)  
  39  3:59  Nexus  
  40  4:05  Sentry x2  
  44  4:12  Pylon  
  44  4:13  Probe (Chrono Boost)  
  44  4:15  Probe (Chrono Boost)  
  46  4:25  Probe (Chrono Boost)  
  46  4:26  Probe (Chrono Boost)  
  48  4:34  Robotics Facility  
  48  4:36  Probe (Chrono Boost)  
  48  4:37  Probe (Chrono Boost)  
  50  4:46  Probe (Chrono Boost)  
  50  4:48  Probe (Chrono Boost)  
  52  4:55  Sentry x2, Forge  
  52  4:59  Probe (Chrono Boost), Pylon  
  57  5:01  Probe (Chrono Boost)  
  54  5:16  Gateway  
  54  5:17  Gateway x2  
  54  5:22  Immortal (Chrono Boost)  
  54  5:25  Probe  
  54  5:27  Probe x2  
  61  5:35  Photon Cannon  
  61  5:39  Zealot  
  63  5:45  Stalker  
  65  5:50  Pylon  
  69  5:57  Immortal (Chrono Boost)  
  69  6:06  Stalker  
  71  6:12  Stalker x2  
  73  6:19  Stalker  
  67  6:31  Immortal (Chrono Boost)  
  67  6:32  Zealot  
  71  6:35  Adept  
  71  6:36  Zealot  
  75  6:44  Zealot  
  73  6:50  Pylon  
  73  6:54  Zealot  
  69  6:58  Zealot  
  69  7:07  Immortal  
  73  7:14  Probe x2  
  71  7:15  Zealot  
  71  7:16  Twilight Council  
  71  7:17  Zealot  
  74  7:30  Probe x2  
  74  7:36  Pylon  
  76  7:37  Assimilator  
  76  7:38  Forge  
  76  7:39  Pylon, Sentry x2, Assimilator  
  76  7:43  Probe x3  
  82  7:46  Warp Prism  
  85  7:55  Probe x2 (Chrono Boost)  
  87  8:01  Probe (Chrono Boost)  
  88  8:06  Probe (Chrono Boost)  
  88  8:07  Probe (Chrono Boost)  
  88  8:09  Gateway  
  88  8:11  Pylon  
  88  8:12  Protoss Ground Weapons Level 1 (Chrono Boost)  
  90  8:18  Mothership Core  
  90  8:19  Adept  
  94  8:22  Observer  
  94  8:23  Probe x2  
  94  8:26  Assimilator  
  97  8:27  Assimilator  
  97  8:37  Pylon, Charge (Chrono Boost)  
  97  8:41  Probe  
  97  8:42  Probe x2  
  97  8:47  Phoenix (Chrono Boost)  
  102  8:50  Zealot  
  102  8:51  Adept  
  102  8:52  Zealot  
  102  8:53  Zealot  
  108  9:07  Stalker  
  108  9:11  Stalker  
  108  9:13  Stalker x2  
  108  9:18  Phoenix (Chrono Boost)  
  108  9:19  Probe x2  
  70  9:34  Stargate  
  70  9:40  Phoenix (Chrono Boost)  
  72  9:49  Stalker x4  
  80  9:58  Stargate  
  73  10:01  Photon Cannon  
  73  10:05  Photon Cannon  
  59  10:12  Phoenix (Chrono Boost)  
  47  10:23  Probe  
  47  10:24  Probe, Phoenix (Chrono Boost)  
  49  10:34  Phoenix (Chrono Boost)  
  49  10:46  Probe x3 (Chrono Boost), Phoenix (Chrono Boost)  
  49  10:47  Phoenix (Chrono Boost)  
  49  10:55  Phoenix (Chrono Boost)  
  51  10:58  Probe x3 (Chrono Boost)  
  51  11:03  Adept  
  56  11:08  Probe (Chrono Boost)  
  56  11:09  Probe x2 (Chrono Boost)  
  59  11:19  Probe x2 (Chrono Boost), Sentry  
  59  11:21  Probe (Chrono Boost)  
  64  11:30  Probe x2 (Chrono Boost)  
  64  11:31  Probe (Chrono Boost)  
  67  11:40  Probe x2 (Chrono Boost)  
  67  11:42  Probe (Chrono Boost)  
  70  11:51  Probe x2 (Chrono Boost)  
  70  11:53  Probe (Chrono Boost)  
  74  12:01  Probe x2 (Chrono Boost)  
  74  12:02  Immortal  
  74  12:03  Probe (Chrono Boost)  
  80  12:12  Probe x2 (Chrono Boost)  
  80  12:14  Probe (Chrono Boost)  
  83  12:15  Sentry  
  83  12:16  Sentry  
  83  12:21  Templar Archives  
  83  12:22  Probe x2 (Chrono Boost)  
  89  12:24  Probe (Chrono Boost)  
  89  12:29  Adept x3  
  96  12:33  Probe (Chrono Boost)  
  96  12:41  Warp Prism  
  98  12:46  Adept x2  
  102  12:57  Adept x3  
  90  13:07  Adept x2  
  89  13:19  Adept x3  
Show
View Real Time Build Order
Export as new Build Order

Elazer Zerg - Winner!

Build Orders: 3 Hatch before Pool 

Get SALT Encoding   

  12  0:00  Drone  
  13  0:12  Overlord  
  13  0:16  Drone  
  14  0:31  Drone x2  
  14  0:34  Drone  
  17  0:52  Hatchery  
  17  0:53  Drone  
  17  1:14  Hatchery  
  17  1:18  Drone  
  17  1:30  Spawning Pool  
  16  1:33  Drone  
  16  1:37  Drone  
  18  1:40  Drone  
  18  1:45  Drone  
  20  1:56  Drone  
  21  2:04  Drone  
  21  2:06  Overlord  
  22  2:16  Drone  
  22  2:17  Queen  
  22  2:18  Zergling x2  
  22  2:19  Queen  
  28  2:26  Queen  
  28  2:27  Drone  
  31  2:37  Zergling x2  
  31  2:38  Zergling x2  
  31  2:39  Drone  
  31  2:40  Zergling x2  
  31  2:43  Drone  
  36  2:47  Overlord  
  36  2:58  Queen x2  
  36  3:00  Zergling x2  
  36  3:03  Zergling x2  
  42  3:07  Queen  
  42  3:10  Drone  
  42  3:12  Drone  
  46  3:16  Overlord  
  46  3:19  Drone x2  
  48  3:32  Spore Crawler  
  48  3:33  Spore Crawler  
  46  3:38  Zergling x4  
  46  3:39  Drone  
  46  3:40  Drone x4  
  52  3:44  Spore Crawler  
  52  3:45  Drone  
  52  3:47  Drone  
  53  3:49  Drone  
  53  3:52  Drone x2  
  53  3:55  Drone  
  57  4:00  Overlord, Extractor x2  
  57  4:01  Drone  
  56  4:05  Drone x2  
  58  4:15  Extractor  
  58  4:16  Drone x2, Roach Warren  
  58  4:18  Drone x2  
  58  4:19  Drone  
  58  4:23  Drone  
  58  4:24  Drone  
  63  4:25  Drone x2  
  63  4:29  Drone  
  66  4:38  Overlord  
  66  4:43  Drone  
  66  4:45  Metabolic Boost  
  66  4:46  Overlord x2  
  66  4:54  Overlord  
  66  4:58  Roach x4  
  73  5:03  Overlord x2  
  73  5:08  Roach  
  73  5:09  Roach x3  
  73  5:12  Roach  
  83  5:16  Roach  
  83  5:17  Roach  
  83  5:19  Overlord  
  87  5:23  Queen  
  87  5:25  Zergling x2  
  87  5:26  Zergling x6  
  93  5:29  Zergling x6  
  93  5:33  Overlord  
  93  5:34  Zergling x4  
  98  5:38  Zergling x2  
  98  5:39  Zergling x6  
  102  5:43  Zergling x4  
  102  5:46  Ravager x2  
  102  5:47  Ravager  
  107  5:51  Zergling x2  
  107  5:52  Zergling x4  
  107  5:54  Ravager  
  107  5:57  Queen x2  
  115  6:08  Ravager  
  115  6:12  Zergling x4  
  109  6:25  Zergling x14  
  102  6:30  Lair  
  94  6:43  Zergling x8  
  91  6:51  Drone x2  
  84  7:00  Extractor  
  84  7:01  Extractor x2  
  75  7:02  Drone x3  
  74  7:14  Drone  
  74  7:15  Drone x2  
  64  7:25  Overlord  
  60  7:31  Spire  
  60  7:33  Drone x2  
  60  7:34  Drone x7  
  68  7:41  Drone  
  68  7:43  Drone x2  
  70  7:46  Drone x2  
  70  7:47  Drone  
  70  7:49  Drone x2, Hatchery  
  70  7:50  Overlord x2, Hatchery  
  72  8:05  Overlord  
  72  8:09  Drone x2  
  74  8:13  Drone  
  74  8:14  Drone x2  
  77  8:26  Evolution Chamber  
  76  8:28  Evolution Chamber, Hydralisk Den  
  74  8:36  Extractor  
  74  8:37  Extractor  
  72  8:43  Mutalisk x10  
  72  8:44  Mutalisk x4  
  72  8:48  Spine Crawler x2  
  99  8:49  Spine Crawler  
  99  8:50  Spine Crawler x2, Mutalisk  
  99  8:51  Mutalisk  
  99  8:53  Zergling x12  
  105  8:58  Mutalisk  
  112  9:04  Zerg Flyer Weapons Level 1  
  104  9:13  Mutalisk  
  104  9:16  Zergling x16  
  101  9:27  Lair  
  97  9:40  Hatchery  
  97  9:43  Drone x3  
  97  9:44  Drone x3  
  102  9:46  Hatchery  
  102  9:49  Mutalisk x2  
  102  9:50  Mutalisk  
  92  10:18  Mutalisk x3  
  95  10:27  Drone x11  
  95  10:28  Drone  
  105  10:36  Zerg Ground Armor Level 1, Zerg Missile Weapons Level 1  
  101  10:50  Overlord  
  101  10:53  Hydralisk x4  
  109  11:01  Extractor  
  109  11:02  Hydralisk x3  
  114  11:07  Drone x3  
  117  11:15  Muscular Augments  
  117  11:23  Hydralisk  
  117  11:24  Hydralisk x4  
  127  11:27  Hydralisk  
  127  11:32  Overlord  
  129  11:33  Overlord  
  129  11:34  Overlord  
  129  11:36  Hydralisk  
  131  11:42  Hydralisk x2  
  131  11:45  Overseer  
  135  11:47  Hydralisk  
  135  11:48  Hydralisk  
  139  11:55  Hydralisk x3  
  145  12:02  Hydralisk x3  
  145  12:07  Drone x3  
  154  12:08  Drone  
  154  12:13  Hydralisk  
  154  12:14  Hydralisk  
  153  12:33  Hydralisk x4  
  161  12:45  Zergling x8  
  157  13:00  Zergling x20  
Tags
 
Add a new tag
Caveats
  • Supply blocks, unpowered buildings, or Contaminate may cause inaccurate times.
  • Supply counts are checked every 10 seconds.